 Dungeon Crawl Stone Soup version 0.21-a0-404-g291f19a (webtiles) character file.

994 KristoblXynda the Sneak (level 8, -4/46 HPs)
             Began as an Octopode Conjurer on Oct 26, 2017.
             Slain by KristoblXynda's ghost (20 damage)
             ... on level 5 of the Dungeon.
             The game lasted 00:14:34 (7009 turns).

KristoblXynda the Sneak (Octopode Conjurer)         Turns: 7009, Time: 00:14:35

Health: -4/46      AC:  1    Str:  8    XL:     8   Next: 19%
Magic:  0/15       EV: 13    Int: 18    God:
Gold:   261        SH:  0    Dex: 13    Spells: 8/16 levels left

rFire    . . .     SeeInvis .   k - +1 dagger
rCold    . . .     Gourm    .   (no shield)
rNeg     + . .     Faith    .   (helmet restricted)
rPois    .         Spirit   .   (no amulet)
rElec    .         Reflect  .   y - ring of positive energy
rCorr    .         Harm     .   (no ring)
MR       .....                  (no ring)
Stlth    ++++......             (no ring)
HPRegen  0.15/turn              (no ring)
MPRegen  0.14/turn              (no ring)
                                (no ring)
                                (no ring)

@: lethally poisoned (-4 -> -4)
A: almost no armour, stealthy swim, amphibious, 8 rings, constrict 8, camouflage
1, gelatinous body 1
a: no special abilities


You were on level 5 of the Dungeon.
You were very hungry.

You visited 1 branch of the dungeon, and saw 5 of its levels.

You collected 261 gold pieces.

Inventory:

Hand Weapons
 b - the +6 mace of Mianget {crush, *Rage +Blink Str+7 SInv}
   (You found it on level 5 of the Dungeon)

   It inflicts extra damage upon your enemies.
   It affects your strength (+7).
   It lets you see invisible.
   It lets you blink.
   It may make you go berserk in combat.
 k - a +1 dagger (weapon)
Jewellery
 y - a ring of positive energy (left tentacle)
Wands
 f - a wand of random effects (21/48)
Scrolls
 c - 4 scrolls of blinking
 h - a scroll of fear {unknown}
 n - a scroll of teleportation
 q - a scroll of random uselessness {unknown}
 r - a scroll of enchant armour {unknown}
 t - a scroll of fog {unknown}
 w - a scroll of remove curse
Potions
 d - a potion of agility {unknown}
 e - 3 potions of flight
 i - a potion of degeneration {unknown}
 j - 2 potions of might
 m - a potion of brilliance {unknown}
 o - a potion of ambrosia {unknown}
 s - a potion of mutation {unknown}
Books
 a - a book of Conjurations

   Spells                             Type                      Level
   a - Magic Dart                     Conjuration                  1
   b - Searing Ray                    Conjuration                  2
   c - Dazzling Spray                 Conjuration/Hexes            3
   d - Fulminant Prism                Conjuration/Hexes            4
   e - Force Lance                    Conjuration/Translocation    4
   f - Iskenderun's Mystic Blast      Conjuration                  4
Comestibles
 g - 2 royal jellies
 u - 4 meat rations
 v - 3 bread rations


   Skills:
 + Level 3.4 Short Blades
 - Level 2.0 Dodging
 + Level 7.3 Stealth
 + Level 4.8 Spellcasting
 + Level 6.2 Conjurations


You had 8 spell levels left.
You knew the following spells:

 Your Spells              Type           Power        Failure   Level  Hunger
a - Magic Dart            Conj           ####         1%          1    None
b - Dazzling Spray        Conj/Hex       ###...       11%         3    ###....
c - Iskenderun's Mystic   Conj           ####....     10%         4    ####...


Dungeon Overview and Level Annotations

Branches:
Dungeon (5/15)             Temple (0/1) D:4

Altars:
Cheibriados
Dithmenos
Makhleb
Trog
Xom
The Shining One

Shops:
D:5 %

Annotations:
D:5 KristoblXynda's ghost, novice OpVM


Innate Abilities, Weirdness & Mutations

You cannot wear most types of armour.
You are very stealthy in the water. (Stealth+)
You are amphibious.
You can wear up to eight rings at the same time.
You can use your tentacles to constrict eight enemies at once.
Your skin changes colour to match your surroundings (Stealth+).
Your rubbery body absorbs attacks. (AC +1, EV +1)


Message History

KristoblXynda's ghost is heavily damaged.
KristoblXynda's ghost hits you.
You hit KristoblXynda's ghost but do no damage.
KristoblXynda's ghost is heavily damaged.
KristoblXynda's ghost hits you.
You closely miss KristoblXynda's ghost.
KristoblXynda's ghost is heavily damaged.
You are feeling very hungry.
KristoblXynda's ghost hits you.
You are electrocuted!
Casting: Iskenderun's Mystic Blast
Confirm with . or Enter, or press ? or * to list all spells.
Aiming: Iskenderun's Mystic Blast
Press: ? - help, Shift-Dir - straight line, f/p - KristoblXynda's ghost
Aim: KristoblXynda's ghost, wielding a weapon of electrocution (heavily damaged)
The orb of energy misses KristoblXynda's ghost.
KristoblXynda's ghost completely misses you.
You miss KristoblXynda's ghost.
KristoblXynda's ghost is heavily damaged.
You feel sick. KristoblXynda's ghost hits you.
You are electrocuted!
You die...

............# #.# *,*
.....(......####.# *,*
.................# *,*
##+#.............#***********,*
##.#.............#*,,,,,,,,,,,*
.................##.#**********
##.#.............##.#
.....##+########W##.#
...#.##+#### #@##.# ***
##.#.......# #.##.# *,*
##.........# #.##.# *,*
...#.......# #.##.# *,*
##.#.##'########.##.####### *,*
..........................# *,*
##.#.##.###..###.##.###.#####.##
#.#.##.###..##................#
#.#.##..........##.###.#####.##


You could see KristoblXynda's ghost.

Vanquished Creatures
  A sky beast (D:5)
  A phantom (D:4)
  Blork the orc (D:4)
  A scorpion (D:4)
  2 howler monkeys (D:4)
  2 crimson imps (D:5)
  A hound (D:4)
  6 orc wizards
  3 orc priests (D:4)
  A bullfrog skeleton (D:3)
  3 worker ants (D:4)
  6 adders
  An adder skeleton (D:4)
  5 worms
  4 dart slugs
  14 orcs
  5 giant cockroaches
  10 goblins
  8 hobgoblins
  7 jackals
  2 quokkas
  2 ball pythons
  10 bats
  A frilled lizard (D:2)
  5 kobolds
  2 quokka skeletons
  6 rats
110 creatures vanquished.

Notes
Turn   | Place    | Note
-------+----------+-------------------------------------------
     0 | D:1      | KristoblXynda the Octopode Conjurer began the quest for the Orb.
     0 | D:1      | Reached XP level 1. HP: 11/11 MP: 3/3
   205 | D:1      | Reached skill level 3 in Stealth
   206 | D:1      | Reached XP level 2. HP: 15/17 MP: 0/5
  1028 | D:2      | Reached XP level 3. HP: 3/21 MP: 0/6
  1490 | D:2      | Learned a level 3 spell: Dazzling Spray
  1962 | D:2      | Found a shadowy altar of Dithmenos.
  2332 | D:3      | Reached skill level 4 in Stealth
  2335 | D:3      | Reached XP level 4. HP: 27/27 MP: 2/8
  2763 | D:3      | Found a bloodstained altar of Trog.
  2848 | D:3      | Found a burning altar of Makhleb.
  2848 | D:3      | Noticed a cacodemon
  2902 | D:3      | HP: 1/27 [poisoned by an adder]
  3295 | D:3      | Reached XP level 5. HP: 26/31 MP: 2/9
  3549 | D:3      | Reached skill level 5 in Stealth
  3549 | D:3      | Reached skill level 5 in Conjurations
  3711 | D:4      | Noticed Blork the orc
  3720 | D:4      | Killed Blork the orc
  3720 | D:4      | Reached skill level 1 in Short Blades
  3720 | D:4      | Reached XP level 6. HP: 36/36 MP: 2/11
  3838 | D:4      | Noticed a phantom
  3879 | D:4      | Killed a phantom
  4116 | D:4      | Reached skill level 6 in Stealth
  4116 | D:4      | Reached XP level 7. HP: 41/41 MP: 4/12
  5961 | D:4      | Found a staircase to the Ecumenical Temple.
  6180 | D:5      | Entered Level 5 of the Dungeon
  6252 | D:5      | Found a glowing golden altar of the Shining One.
  6279 | D:5      | Learned a level 4 spell: Iskenderun's Mystic Blast
  6288 | D:5      | Reached skill level 7 in Stealth
  6309 | D:5      | Reached XP level 8. HP: 46/46 MP: 2/14
  6364 | D:5      | Found a shimmering altar of Xom.
  6429 | D:5      | HP: 1/46 [something (5)]
  6649 | D:5      | Found Epyog's Food Shop.
  6848 | D:5      | Found a snail-covered altar of Cheibriados.
  6870 | D:5      | Got a transparent mace
  6871 | D:5      | Identified the +6 mace of Mianget {crush, *Rage +Blink Str+7 SInv} (You found it on level 5 of the Dungeon)
  6987 | D:5      | Noticed KristoblXynda's ghost (novice OpVM)
  7009 | D:5      | Slain by KristoblXynda's ghost

Vault maps used:
D:1:      saegor_arrival_simple_a, minmay_misc_feat_five
D:2:      grunt_dithmenos_smoke
D:3:      bloody_trog, first_bread, makhleb_altar_promises_db
D:4:      minmay_temple_entry_from_below_a, uniq_blork_the_orc
D:5:      lemuel_coloured_pillars_altar, lemuel_doored_altar, kennysheep_mini,
          slow_altar_1, xom_butterflies, serial_shops, shop

Skill      XL: |  1  2  3  4  5  6  7 |
---------------+----------------------+-----
Stealth        | 3 4 5 6 7 |  7.3
Spellcasting   | 3 4 |  4.8
Conjurations   | 5 6 |  6.2
Short Blades   | 1 3 |  3.4
Dodging        | |  2.0

Action                   |  1- 3 |  4- 6 |  7- 9 || total
-------------------------+-------+-------+-------++-------
Melee: Unarmed           |    63 |       |       ||    63
       Constrict         |    26 |    21 |    20 ||    67
       Tentacles         |    13 |    19 |    13 ||    45
       Dagger            |     9 |    98 |   137 ||   244
 Cast: Magic Dart        |    42 |    69 |    34 ||   145
       Dazzling Spray    |       |     3 |     6 ||     9
       Iskenderun's Myst |       |       |     9 ||     9
  Use: Potion            |     1 |     4 |     5 ||    10
       Scroll            |       |     5 |     7 ||    12
 Stab: Sleeping          |     6 |     2 |       ||     8
       Distracted        |     1 |       |       ||     1
       Invisible         |       |     1 |     3 ||     4
  Eat: Bread ration      |     1 |       |       ||     1
       Chunk             |       |     6 |     6 ||    12
       Royal jelly       |       |     1 |     2 ||     3
Armor: Skin              |    12 |    16 |    13 ||    41
Dodge: Dodged            |    47 |    61 |    68 ||   176

Table legend:
 A = Spawn XP
 B = Non-spawn XP
 C = Spawn XP percentage of total XP
 D = Spawn monster count
 E = Non-spawn monster count
 F = Spawn count percentage of total count
 G = Total turns spent on level
                    A         B        C        D         E        F      G
               +---------+---------+-------+---------+---------+-------+---------
         Total |       0 |    1420 |   0.0 |       0 |     110 |   0.0 |  7009
               +---------+---------+-------+---------+---------+-------+---------
           D:1 |       0 |      31 |   0.0 |       0 |      17 |   0.0 |   925
           D:2 |       0 |      47 |   0.0 |       0 |      20 |   0.0 |  1434
           D:3 |       0 |     165 |   0.0 |       0 |      27 |   0.0 |  1290
           D:4 |       0 |     885 |   0.0 |       0 |      37 |   0.0 |  2531
           D:5 |       0 |     292 |   0.0 |       0 |       9 |   0.0 |   829
               +---------+---------+-------+---------+---------+-------+---------
